TOP OF THE 1ST |
York Revolution batting - Pitching for Detroit Red Wings : LHP Luis Silva
|
Pitching: LHP Luis Silva
|
|
Batting: LHB Ignacio Bernal
|
0-0: Ground out 4-3 (Groundball, 34D, EV 102.5 MPH)
|
Batting: LHB Jian-ying Huang
|
0-0: Swinging Strike 0-1: Foul Ball, location: 2F 0-2: Foul Ball, location: 2F 0-2: Strikes out swinging
|
Batting: RHB Andrew Korman
|
0-0: Ball 1-0: Called Strike 1-1: Fly out, F2 (Popup, 13S, EV 89.4 MPH)
|
Top of the 1st over - 0 runs, 0 hits, 0 errors, 0 left on base; York 0 - Detroit 0 |
BOTTOM OF THE 1ST |
Detroit Red Wings batting - Pitching for York Revolution : RHP Dave Valentin
|
Pitching: RHP Dave Valentin
|
|
Batting: LHB Tim Heiny
|
0-0: Foul Ball, location: 2F 0-1: Ground out 5-3 (Groundball, 5, EV 85.6 MPH)
|
Batting: RHB Tony Serrano
|
0-0: Called Strike 0-1: Ground out 5-3 (Groundball, 56, EV 103.1 MPH)
|
Batting: RHB Jarne ter Horst
|
0-0: Called Strike 0-1: Ball 1-1: Ball 2-1: Swinging Strike 2-2: Ball 3-2: Base on Balls
|
Batting: RHB Aleksandr Ogryzek
|
0-0: Called Strike 0-1: Swinging Strike 0-2: Foul Ball, location: 2F 0-2: Ground out 4-3 (Groundball, 4, EV 106.9 MPH)
|
Bottom of the 1st over - 0 runs, 0 hits, 0 errors, 1 left on base; York 0 - Detroit 0 |
TOP OF THE 2ND |
York Revolution batting - Pitching for Detroit Red Wings : LHP Luis Silva
|
Batting: LHB Marvin Marroquin
|
0-0: Ball 1-0: Swinging Strike 1-1: SINGLE (Groundball, 6MD, EV 99.4 MPH)
|
Batting: SHB Jon Rader
|
0-0: Ball 1-0: Ball 2-0: Called Strike 2-1: Ball 3-1: Fielders Choice at 2nd, 6-4 (Groundball, 6M, EV 88.1 MPH)
|
Batting: RHB Toshiaki Oishi
|
0-0: Ball 1-0: Called Strike 1-1: Called Strike 1-2: Strikes out swinging
|
Batting: RHB Matt League
|
0-0: Called Strike 0-1: Called Strike 0-2: Ball 1-2: Ball 2-2: Strikes out looking
|
Top of the 2nd over - 0 runs, 1 hit, 0 errors, 1 left on base; York 0 - Detroit 0 |
BOTTOM OF THE 2ND |
Detroit Red Wings batting - Pitching for York Revolution : RHP Dave Valentin
|
Batting: RHB Bernalldino Carreto
|
0-0: Foul Ball, location: 2F 0-1: Ball 1-1: Ground out U3 (Groundball, 34, EV 108.8 MPH)
|
Batting: SHB David Bantista
|
0-0: Ball 1-0: Ball 2-0: Ball 3-0: Base on Balls
|
Batting: RHB Marcos Ornelas
|
0-0: Ball 1-0: Called Strike 1-1: Ball 2-1: Ball 3-1: Called Strike 3-2: Fly out, F9 (Flyball, 9, EV 76.9 MPH)
|
Batting: RHB Henry Murgas
|
0-0: Called Strike 0-1: Ball Passed Ball! David Bantista to second 1-1: Swinging Strike 1-2: Fly out, F9 (Line Drive, 9D, EV 104.4 MPH)
|
Bottom of the 2nd over - 0 runs, 0 hits, 0 errors, 1 left on base; York 0 - Detroit 0 |
TOP OF THE 3RD |
York Revolution batting - Pitching for Detroit Red Wings : LHP Luis Silva
|
Batting: SHB Nick Bortner
|
0-0: Ball 1-0: SINGLE (Groundball, 56D, EV 104.4 MPH)
|
Batting: RHB Kakaio Nara
|
0-0: Ball 1-0: Ball 2-0: SINGLE (Line Drive, 89S, EV 98.1 MPH) Nick Bortner to second
|
Batting: LHB Ignacio Bernal
|
0-0: Foul Ball, location: 2F 0-1: Ball 1-1: Foul Ball, location: 2F 1-2: Fielders Choice at 2nd, 3-6 (Groundball, 3, EV 90.0 MPH) Nick Bortner to third
|
Batting: LHB Jian-ying Huang
|
0-0: Swinging Strike 0-1: Foul Ball, location: 2F 0-2: Strikes out swinging
|
Batting: RHB Andrew Korman
|
0-0: Ball 1-0: Ball 2-0: Ball 3-0: Base on Balls Ignacio Bernal to second
|
Batting: LHB Marvin Marroquin
|
0-0: Called Strike 0-1: Foul Ball, location: 2F 0-2: Ball 1-2: Fly out, F8 (Line Drive, 8RM, EV 94.4 MPH)
|
Top of the 3rd over - 0 runs, 2 hits, 0 errors, 3 left on base; York 0 - Detroit 0 |
BOTTOM OF THE 3RD |
Detroit Red Wings batting - Pitching for York Revolution : RHP Dave Valentin
|
Batting: RHB Daniel Keyser
|
0-0: Called Strike 0-1: Called Strike 0-2: Strikes out swinging
|
Batting: LHB Tim Heiny
|
0-0: Called Strike 0-1: Ball 1-1: Swinging Strike 1-2: Strikes out looking
|
Batting: RHB Tony Serrano
|
0-0: Swinging Strike 0-1: Called Strike 0-2: Ball 1-2: Ball 2-2: DOUBLE (Flyball, 8RXD, EV 104.4 MPH)
|
Batting: RHB Jarne ter Horst
|
0-0: Swinging Strike 0-1: Foul Ball, location: 2F 0-2: Fly out, F8 (Flyball, 8LXD, EV 102.5 MPH)
|
Bottom of the 3rd over - 0 runs, 1 hit, 0 errors, 1 left on base; York 0 - Detroit 0 |
TOP OF THE 4TH |
York Revolution batting - Pitching for Detroit Red Wings : LHP Luis Silva
|
Batting: SHB Jon Rader
|
0-0: Ball 1-0: Ball 2-0: Called Strike 2-1: Fly out, F8 (Flyball, 8RD, EV 85.6 MPH)
|
Batting: RHB Toshiaki Oishi
|
0-0: Called Strike 0-1: Swinging Strike 0-2: Ball 1-2: Ball 2-2: Foul Ball, location: 2F 2-2: Fly out, F8 (Line Drive, 8RD, EV 107.5 MPH)
|
Batting: RHB Matt League
|
0-0: Swinging Strike 0-1: Called Strike 0-2: Ball 1-2: Foul Ball, location: 2F 1-2: Ground out 6-3 (Groundball, 4MS, EV 68.8 MPH)
|
Top of the 4th over - 0 runs, 0 hits, 0 errors, 0 left on base; York 0 - Detroit 0 |
BOTTOM OF THE 4TH |
Detroit Red Wings batting - Pitching for York Revolution : RHP Dave Valentin
|
Batting: RHB Aleksandr Ogryzek
|
0-0: Ball 1-0: Fly out, F8 (Flyball, 89M, EV 88.8 MPH)
|
Batting: RHB Bernalldino Carreto
|
0-0: Ground out 5-3 (Groundball, 56, EV 105.6 MPH)
|
Batting: SHB David Bantista
|
0-0: Ball 1-0: Called Strike 1-1: Fly out, F7 (Flyball, 7LS, EV 74.4 MPH)
|
Bottom of the 4th over - 0 runs, 0 hits, 0 errors, 0 left on base; York 0 - Detroit 0 |
TOP OF THE 5TH |
York Revolution batting - Pitching for Detroit Red Wings : LHP Luis Silva
|
Batting: SHB Nick Bortner
|
0-0: Foul Ball, location: 2F 0-1: Ball 1-1: Foul Ball, location: 2F 1-2: Ball 2-2: Strikes out looking
|
Batting: RHB Kakaio Nara
|
0-0: Swinging Strike 0-1: Ball 1-1: Ball 2-1: SINGLE (Line Drive, 6D, EV 105.6 MPH)
|
Batting: LHB Ignacio Bernal
|
0-0: Called Strike 0-1: Ball 1-1: Foul Ball, location: 2F 1-2: Strikes out looking
|
Batting: LHB Jian-ying Huang
|
0-0: Fly out, F8 (Flyball, 78D, EV 83.1 MPH)
|
Top of the 5th over - 0 runs, 1 hit, 0 errors, 1 left on base; York 0 - Detroit 0 |
BOTTOM OF THE 5TH |
Detroit Red Wings batting - Pitching for York Revolution : RHP Dave Valentin
|
Batting: RHB Marcos Ornelas
|
0-0: DOUBLE (Flyball, 8LD, EV 101.9 MPH)
|
Batting: RHB Henry Murgas
|
0-0: Ball 1-0: Ball 2-0: Ball 3-0: Called Strike 3-1: SINGLE (Groundball, 6D, EV 101.9 MPH) Marcos Ornelas to third Runner from 3rd tries for Home, throw by LF and OUT! 7-2
|
Batting: RHB Daniel Keyser
|
0-0: Called Strike 0-1: Fly out, F9 (Flyball, 9, EV 87.5 MPH)
|
Batting: LHB Tim Heiny
|
0-0: Ball 1-0: Ball 2-0: SINGLE (Groundball, 4D, EV 101.9 MPH) Henry Murgas to second Runner from 2nd tries for 3rd, SAFE, throw by CF made to third
|
Batting: RHB Tony Serrano
|
0-0: SINGLE (Groundball, 34D, EV 103.1 MPH) Henry Murgas scores Tim Heiny to second Runner from 2nd tries for 3rd, SAFE, throw by RF made to third
|
Batting: RHB Jarne ter Horst
|
0-0: Ball 1-0: Called Strike 1-1: Ball 2-1: Called Strike 2-2: Ball 3-2: Ground out 2-3 (Groundball, 13S, EV 68.1 MPH)
|
Bottom of the 5th over - 1 run, 4 hits, 0 errors, 2 left on base; York 0 - Detroit 1 |
TOP OF THE 6TH |
York Revolution batting - Pitching for Detroit Red Wings : LHP Luis Silva
|
Batting: RHB Andrew Korman
|
0-0: Ball 1-0: Called Strike 1-1: Ball 2-1: Foul Ball, location: 2F 2-2: Strikes out looking
|
Batting: LHB Marvin Marroquin
|
0-0: SINGLE (Groundball, 4S, EV 65.0 MPH) (infield hit)
|
Pitching: RHP Larry Baker
|
|
Batting: SHB Jon Rader
|
0-0: Ball 1-0: Foul Ball, location: 2F 1-1: Foul Ball, location: 2F 1-2: Ball 2-2: Ball 3-2: SINGLE (Line Drive, 4M, EV 100.6 MPH) Marvin Marroquin to second
|
Batting: RHB Toshiaki Oishi
|
0-0: Called Strike 0-1: Ball 1-1: Ball 2-1: Foul Ball, location: 2F 2-2: Foul Ball, location: 2F 2-2: Strikes out swinging
|
Batting: RHB Matt League
|
0-0: Foul Ball, location: 2F 0-1: Foul Ball, location: 2F 0-2: Ball 1-2: Ball 2-2: 3-RUN HOME RUN (Flyball, 7D, EV 97.5 MPH), Distance : 382 ft
|
Batting: SHB Nick Bortner
|
0-0: Ball 1-0: Called Strike 1-1: Ball 2-1: Fly out, F4 (Popup, 4S, EV 68.1 MPH)
|
Top of the 6th over - 3 runs, 3 hits, 0 errors, 0 left on base; York 3 - Detroit 1 |
BOTTOM OF THE 6TH |
Detroit Red Wings batting - Pitching for York Revolution : RHP Dave Valentin
|
Batting: RHB Aleksandr Ogryzek
|
0-0: Ball 1-0: Called Strike 1-1: Swinging Strike 1-2: Foul Ball, location: 2F 1-2: Ball 2-2: Foul Ball, location: 2F 2-2: Fly out, F8 (Flyball, 8LD, EV 98.8 MPH)
|
Batting: RHB Bernalldino Carreto
|
0-0: Swinging Strike 0-1: Ball 1-1: Ball 2-1: Swinging Strike 2-2: Foul Ball, location: 2F 2-2: DOUBLE (Flyball, 8RXD, EV 90.6 MPH)
|
Batting: SHB David Bantista
|
0-0: Ball 1-0: Ball 2-0: Foul Ball, location: 2F 2-1: Ball 3-1: Called Strike 3-2: Ground out U3 (Groundball, 3L, EV 84.4 MPH) Bernalldino Carreto to third
|
Batting: RHB Marcos Ornelas
|
0-0: Ball 1-0: Ball 2-0: Ground out 6-3 (Groundball, 6, EV 90.6 MPH)
|
Bottom of the 6th over - 0 runs, 1 hit, 0 errors, 1 left on base; York 3 - Detroit 1 |
TOP OF THE 7TH |
York Revolution batting - Pitching for Detroit Red Wings : RHP Larry Baker
|
Pitching: RHP Martin Kornblum
|
|
Batting: RHB Kakaio Nara
|
0-0: Swinging Strike 0-1: Called Strike 0-2: Ball 1-2: Strikes out looking
|
Batting: LHB Ignacio Bernal
|
0-0: Swinging Strike 0-1: Foul Ball, location: 2F 0-2: Strikes out swinging
|
Batting: LHB Jian-ying Huang
|
0-0: Ground out 1-3 (Groundball, 15, EV 58.8 MPH)
|
Top of the 7th over - 0 runs, 0 hits, 0 errors, 0 left on base; York 3 - Detroit 1 |
BOTTOM OF THE 7TH |
Detroit Red Wings batting - Pitching for York Revolution : RHP Dave Valentin
|
Pitching: LHP Sergio Nunez
|
|
Batting: RHB Henry Murgas
|
0-0: Called Strike 0-1: Ball 1-1: Ball 2-1: SINGLE (Flyball, 7LM, EV 84.4 MPH)
|
Batting: RHB Daniel Keyser
|
0-0: Ball 1-0: Fly out, F8 (Flyball, 8RM, EV 90.6 MPH)
|
Batting: LHB Tim Heiny
|
0-0: Called Strike 0-1: Called Strike 0-2: Strikes out swinging
|
Batting: RHB Tony Serrano
|
0-0: Ball 1-0: Fly out, F9 (Flyball, 9LMF, EV 96.3 MPH)
|
Bottom of the 7th over - 0 runs, 1 hit, 0 errors, 1 left on base; York 3 - Detroit 1 |
TOP OF THE 8TH |
York Revolution batting - Pitching for Detroit Red Wings : RHP Martin Kornblum
|
Batting: RHB Andrew Korman
|
0-0: Called Strike 0-1: Ground out 4-3 (Groundball, 4, EV 102.5 MPH)
|
Batting: LHB Marvin Marroquin
|
0-0: Foul Ball, location: 2F 0-1: Called Strike 0-2: Ball 1-2: Foul Ball, location: 2F 1-2: Fly out, F7 (Flyball, 7S, EV 91.9 MPH)
|
Batting: SHB Jon Rader
|
0-0: Foul Ball, location: 2F 0-1: Called Strike 0-2: Strikes out looking
|
Top of the 8th over - 0 runs, 0 hits, 0 errors, 0 left on base; York 3 - Detroit 1 |
BOTTOM OF THE 8TH |
Detroit Red Wings batting - Pitching for York Revolution : LHP Sergio Nunez
|
Batting: RHB Jarne ter Horst
|
0-0: Ball 1-0: Ball 2-0: Called Strike 2-1: Ball 3-1: Foul Ball, location: 2F 3-2: Foul Ball, location: 2F 3-2: Fly out, F8 (Line Drive, 8RM, EV 86.3 MPH)
|
Batting: RHB Aleksandr Ogryzek
|
0-0: Foul Ball, location: 2F 0-1: Ball 1-1: Ball 2-1: Ball 3-1: Foul Ball, location: 2F 3-2: Base on Balls
|
Batting: RHB Bernalldino Carreto
|
0-0: Ball 1-0: Called Strike 1-1: Ball 2-1: Ball 3-1: Foul Ball, location: 2F 3-2: Fielders Choice at 2nd, 3-6 (Groundball, 3, EV 90.6 MPH)
|
Batting: SHB David Bantista
|
0-0: Called Strike 0-1: Foul Ball, location: 2F 0-2: Ball 1-2: Foul Ball, location: 2F 1-2: Ball 2-2: Foul Ball, location: 2F 2-2: Fielders Choice at 2nd, 6-4 (Groundball, 6, EV 108.1 MPH)
|
Bottom of the 8th over - 0 runs, 0 hits, 0 errors, 1 left on base; York 3 - Detroit 1 |
TOP OF THE 9TH |
York Revolution batting - Pitching for Detroit Red Wings : RHP Martin Kornblum
|
Pitching: RHP Jeff Reed
|
|
Batting: RHB Toshiaki Oishi
|
0-0: Called Strike 0-1: SINGLE (Groundball, 56D, EV 107.5 MPH)
|
Batting: RHB Matt League
|
0-0: Called Strike 0-1: Sac Bunt to 15S - play at first, batter OUT! 1-3 Toshiaki Oishi to second
|
Batting: SHB Nick Bortner
|
0-0: Called Strike 0-1: Ball 1-1: Ball 2-1: Foul Ball, location: 2F 2-2: Ball 3-2: SINGLE (Flyball, 34D, EV 93.8 MPH) Toshiaki Oishi to third
|
Batting: RHB Kakaio Nara
|
0-0: Foul Ball, location: 2F 0-1: Ball 1-1: Called Strike 1-2: Foul Ball, location: 2F 1-2: Fly out, F8 (Flyball, 8RD, EV 106.3 MPH) Runner from 3rd tags up, OUT at HOME! 8-2
|
Top of the 9th over - 0 runs, 2 hits, 0 errors, 1 left on base; York 3 - Detroit 1 |
BOTTOM OF THE 9TH |
Detroit Red Wings batting - Pitching for York Revolution : LHP Sergio Nunez
|
Pitching: LHP Elwiin Balster
|
|
Batting: RHB Marcos Ornelas
|
0-0: Called Strike 0-1: Ground out 6-3 (Groundball, 6, EV 89.4 MPH)
|
Batting: RHB Henry Murgas
|
0-0: Ball 1-0: Ball 2-0: Foul Ball, location: 2F 2-1: Ball 3-1: Base on Balls
|
Pinch Hitting: RHB Jorge Severiano
|
0-0: Ball 1-0: Called Strike 1-1: Foul Ball, location: 2F 1-2: Ball 2-2: Ball 3-2: DOUBLE (Line Drive, 89XD, EV 99.4 MPH) Henry Murgas to third
|
Pinch Hitting: LHB Joel Kunkler
|
0-0: Ball 1-0: Foul Ball, location: 2F 1-1: Foul Ball, location: 2F 1-2: Ball 2-2: SINGLE (Line Drive, 9S, EV 103.8 MPH) Henry Murgas scores Jorge Severiano to third
|
Batting: RHB Tony Serrano
|
0-0: Called Strike 0-1: Foul Ball, location: 2F 0-2: Ball 1-2: Ball 2-2: Foul Ball, location: 2F 2-2: Foul Ball, location: 2F 2-2: Strikes out swinging
|
Batting: RHB Jarne ter Horst
|
0-0: Ball Passed Ball! Jorge Severiano scores Joel Kunkler to second 1-0: Called Strike 1-1: Foul Ball, location: 2F 1-2: Ground out 1-3 (Groundball, 34S, EV 89.4 MPH)
|
Bottom of the 9th over - 2 runs, 2 hits, 0 errors, 1 left on base; York 3 - Detroit 3 |
TOP OF THE 10TH |
York Revolution batting - Pitching for Detroit Red Wings : RHP Jeff Reed
|
Pitching: LHP Pjotr Voogt
|
|
Now at 3B: Jorge Severiano
|
|
Now in LF: Jeremy Scanland
|
|
Pinch Hitting: RHB Taylor Phillips
|
0-0: Ball 1-0: Ball 2-0: Ball 3-0: Called Strike 3-1: Foul Ball, location: 2F 3-2: DOUBLE (Line Drive, 3D, EV 96.9 MPH)
|
Batting: LHB Jian-ying Huang
|
0-0: Ball 1-0: Swinging Strike 1-1: Swinging Strike 1-2: Strikes out looking
|
Batting: RHB Andrew Korman
|
0-0: Intentional Walk
|
Batting: LHB Marvin Marroquin
|
0-0: Called Strike 0-1: Ball 1-1: Foul Ball, location: 2F 1-2: Ball 2-2: Strikes out looking
|
Batting: SHB Jon Rader
|
0-0: Called Strike 0-1: Foul Ball, location: 2F 0-2: Foul Ball, location: 2F 0-2: Strikes out swinging
|
Top of the 10th over - 0 runs, 1 hit, 0 errors, 2 left on base; York 3 - Detroit 3 |
BOTTOM OF THE 10TH |
Detroit Red Wings batting - Pitching for York Revolution : LHP Elwiin Balster
|
Pitching: RHP Danny Reyes
|
|
Now in CF: Jairo Saucedo
|
|
Batting: RHB Aleksandr Ogryzek
|
0-0: Swinging Strike 0-1: Ball 1-1: Hit by Pitch
|
Pinch Hitting: RHB Väinö Tapaninen
|
0-0: Ball 1-0: Called Strike 1-1: Called Strike 1-2: Strikes out swinging
|
Batting: SHB David Bantista
|
0-0: Ball 1-0: Fly out, F9 (Flyball, 89M, EV 95.0 MPH)
|
Pinch Hitting: RHB José Molina
|
0-0: Ball 1-0: Called Strike 1-1: Called Strike 1-2: Ball 2-2: Foul Ball, location: 2F 2-2: Fly out, F9 (Flyball, 9D, EV 96.3 MPH)
|
Bottom of the 10th over - 0 runs, 0 hits, 0 errors, 1 left on base; York 3 - Detroit 3 |
TOP OF THE 11TH |
York Revolution batting - Pitching for Detroit Red Wings : LHP Pjotr Voogt
|
Now at 2B: Kyle Mosquera
|
|
Now at SS: Atte Reima
|
|
Batting: RHB Toshiaki Oishi
|
0-0: Ball 1-0: Swinging Strike 1-1: Ground out 4-3 (Groundball, 4, EV 89.4 MPH)
|
Batting: RHB Matt League
|
0-0: Fly out, F7 (Flyball, 78S, EV 84.4 MPH)
|
Pinch Hitting: LHB Alex Hill
|
0-0: DOUBLE (Groundball, 3L, EV 98.1 MPH)
|
Batting: RHB Kakaio Nara
|
0-0: Swinging Strike 0-1: Swinging Strike 0-2: Ball 1-2: Ball 2-2: Strikes out looking
|
Top of the 11th over - 0 runs, 1 hit, 0 errors, 1 left on base; York 3 - Detroit 3 |
BOTTOM OF THE 11TH |
Detroit Red Wings batting - Pitching for York Revolution : RHP Danny Reyes
|
Now in RF: Eric Prieto
|
|
Batting: RHB Henry Murgas
|
0-0: Ball 1-0: Foul Ball, location: 2F 1-1: Ball 2-1: Foul Ball, location: 2F 2-2: Ball 3-2: Strikes out looking
|
Batting: RHB Jorge Severiano
|
0-0: Called Strike 0-1: Called Strike 0-2: Ball 1-2: Ball 2-2: Strikes out swinging
|
Pinch Hitting: RHB Jermaine Hooks
|
0-0: Called Strike 0-1: Ball 1-1: Foul Ball, location: 2F 1-2: Foul Ball, location: 2F 1-2: Fly out, F7 (Flyball, 7LM, EV 87.5 MPH)
|
Bottom of the 11th over - 0 runs, 0 hits, 0 errors, 0 left on base; York 3 - Detroit 3 |
TOP OF THE 12TH |
York Revolution batting - Pitching for Detroit Red Wings : LHP Pjotr Voogt
|
Pitching: RHP Steve Waller
|
|
Now in LF: Morgan Black
|
|
Pinch Hitting: LHB Tim Riva
|
0-0: Called Strike 0-1: Foul Ball, location: 2F 0-2: Strikes out swinging
|
Batting: LHB Jian-ying Huang
|
0-0: Ball 1-0: Ball 2-0: Called Strike 2-1: Foul Ball, location: 2F 2-2: Fly out, F9 (Flyball, 89S, EV 81.9 MPH)
|
Batting: RHB Andrew Korman
|
0-0: Ball 1-0: Ground out 4-3 (Groundball, 4S, EV 88.8 MPH)
|
Top of the 12th over - 0 runs, 0 hits, 0 errors, 0 left on base; York 3 - Detroit 3 |
BOTTOM OF THE 12TH |
Detroit Red Wings batting - Pitching for York Revolution : RHP Danny Reyes
|
Now in CF: Jeremy Niblick
|
|
Batting: RHB Tony Serrano
|
0-0: Ball 1-0: Ball 2-0: Ball 3-0: Called Strike 3-1: Called Strike 3-2: Ground out 6-3 (Groundball, 6, EV 100.6 MPH)
|
Batting: RHB Jarne ter Horst
|
0-0: Ball 1-0: Foul Ball, location: 2F 1-1: SINGLE (Line Drive, 8RS, EV 108.8 MPH)
|
Pitching: RHP Masaru Sakuma
|
|
Batting: RHB Aleksandr Ogryzek
|
Pickoff Throw to First - Error! E1 Jarne ter Horst to second 0-0: Intentional Walk
|
Batting: RHB Kyle Mosquera
|
0-0: Ball 1-0: Ball 2-0: Fly out, F8 (Flyball, 8RXD, EV 103.1 MPH) Runner from 2nd tags up, SAFE at 3rd, no throw by CF
|
Batting: SHB David Bantista
|
0-0: Foul Ball, location: 2F 0-1: Called Strike 0-2: Ball 1-2: Ball 2-2: Strikes out looking
|
Bottom of the 12th over - 0 runs, 1 hit, 1 error, 2 left on base; York 3 - Detroit 3 |
TOP OF THE 13TH |
York Revolution batting - Pitching for Detroit Red Wings : RHP Steve Waller
|
Batting: LHB Marvin Marroquin
|
0-0: Called Strike 0-1: Ball 1-1: Foul Ball, location: 2F 1-2: SINGLE (Groundball, 5D, EV 103.1 MPH)
|
Batting: SHB Jon Rader
|
0-0: Ball 1-0: Called Strike 1-1: Ball 2-1: Foul Ball, location: 2F 2-2: Ball 3-2: Strikes out swinging
|
Batting: RHB Toshiaki Oishi
|
0-0: Swinging Strike 0-1: Ball 1-1: Called Strike 1-2: Strikes out swinging
|
Batting: RHB Matt League
|
0-0: Ball 1-0: Ball 2-0: Called Strike 2-1: Ball 3-1: Called Strike 3-2: Strikes out swinging
|
Top of the 13th over - 0 runs, 1 hit, 0 errors, 1 left on base; York 3 - Detroit 3 |
BOTTOM OF THE 13TH |
Detroit Red Wings batting - Pitching for York Revolution : RHP Masaru Sakuma
|
Pinch Hitting: RHB Hector Santillan
|
0-0: Called Strike 0-1: Foul Ball, location: 2F 0-2: Ball 1-2: Ball 2-2: Ball 3-2: Strikes out looking
|
Batting: RHB Henry Murgas
|
0-0: Swinging Strike 0-1: Called Strike 0-2: Fly out, F9 (Flyball, 89S, EV 87.5 MPH)
|
Batting: RHB Jorge Severiano
|
0-0: Ball 1-0: DOUBLE (Line Drive, 7LS, EV 97.5 MPH)
|
Batting: LHB Morgan Black
|
0-0: Ball 1-0: Ball 2-0: Swinging Strike 2-1: Foul Ball, location: 2F 2-2: Strikes out swinging
|
Bottom of the 13th over - 0 runs, 1 hit, 0 errors, 1 left on base; York 3 - Detroit 3 |
TOP OF THE 14TH |
York Revolution batting - Pitching for Detroit Red Wings : RHP Steve Waller
|
Now at SS: Chris Dodge
|
|
Batting: LHB Eric Prieto
|
0-0: Called Strike 0-1: Ball 1-1: Swinging Strike 1-2: Foul Ball, location: 2F 1-2: Strikes out swinging
|
Pinch Hitting: LHB Elias Villalta
|
0-0: Ball 1-0: Ground out 5-3 (Groundball, 56S, EV 88.1 MPH)
|
Batting: LHB Jeremy Niblick
|
0-0: Foul Ball, location: 2F 0-1: Ball 1-1: Ball 2-1: Swinging Strike 2-2: Strikes out swinging
|
Top of the 14th over - 0 runs, 0 hits, 0 errors, 0 left on base; York 3 - Detroit 3 |
BOTTOM OF THE 14TH |
Detroit Red Wings batting - Pitching for York Revolution : RHP Masaru Sakuma
|
Now at 2B: Pat Schoener
|
|
Batting: RHB Tony Serrano
|
0-0: Ball 1-0: Called Strike 1-1: Ball 2-1: Foul Ball, location: 2F 2-2: Strikes out swinging
|
Batting: RHB Jarne ter Horst
|
0-0: Foul Ball, location: 2F 0-1: Fly out, F7 (Flyball, 78D, EV 93.1 MPH)
|
Batting: RHB Aleksandr Ogryzek
|
0-0: Foul Ball, location: 2F 0-1: Swinging Strike 0-2: Ball 1-2: Ball 2-2: Ball 3-2: SINGLE (Groundball, 3S, EV 72.5 MPH) (infield hit)
|
Pitching: RHP Pedro Gomez
|
|
Batting: RHB Kyle Mosquera
|
0-0: Ball Aleksandr Ogryzek is caught stealing 2nd base 2-4
|
Bottom of the 14th over - 0 runs, 1 hit, 0 errors, 0 left on base; York 3 - Detroit 3 |
TOP OF THE 15TH |
York Revolution batting - Pitching for Detroit Red Wings : RHP Steve Waller
|
Batting: LHB Jian-ying Huang
|
0-0: Foul Ball, location: 2F 0-1: Ball 1-1: Called Strike 1-2: Ball 2-2: Foul Ball, location: 2F 2-2: Fly out, F8 (Flyball, 8LXD, EV 91.9 MPH)
|
Batting: RHB Andrew Korman
|
0-0: Fly out, F3 (Popup, 3F, EV 70.0 MPH)
|
Batting: LHB Marvin Marroquin
|
0-0: Ground out 1-3 (Groundball, P, EV 86.3 MPH)
|
Top of the 15th over - 0 runs, 0 hits, 0 errors, 0 left on base; York 3 - Detroit 3 |
BOTTOM OF THE 15TH |
Detroit Red Wings batting - Pitching for York Revolution : RHP Pedro Gomez
|
Batting: RHB Kyle Mosquera
|
0-0: Ball 1-0: Called Strike 1-1: Fly out, F9 (Flyball, 89S, EV 90.0 MPH)
|
Batting: SHB David Bantista
|
0-0: Called Strike 0-1: Ball 1-1: Called Strike 1-2: Ball 2-2: Ball 3-2: Foul Ball, location: 2F 3-2: Strikes out swinging
|
Batting: SHB Chris Dodge
|
0-0: Ball 1-0: Ball 2-0: DOUBLE (Line Drive, 9LS, EV 95.0 MPH)
|
Batting: RHB Henry Murgas
|
0-0: Ball 1-0: Ball 2-0: Swinging Strike 2-1: 2-RUN HOME RUN (Flyball, 7LD, EV 103.8 MPH), Distance : 360 ft
|
|
Game Over ... Detroit defeats York, 5 to 3
|
|
|
Tuesday, September 13th , 2022 - OOTP Baseball 23.7 Build 88
|
|